 Dungeon Crawl Stone Soup version 0.21-a0-225-g207ae17 (webtiles) character file.

13342 AvylaarBelgium the Thaumaturge (level 11, -19/54 HPs)
             Began as a Deep Elf Fire Elementalist on Aug 29, 2017.
             Was an Elder of Vehumet.
             Demolished by a reaper
             ... wielding a +2 scythe of freezing
              (32 damage)
             ... in an ice cave.
             The game lasted 00:46:47 (10452 turns).

AvylaarBelgium the Thaumaturge (DEFE)              Turns: 10452, Time: 00:46:48

Health: -19/54     AC:  4    Str:  7    XL:     11   Next: 74%
Magic:  8/38       EV: 17    Int: 25    God:    Vehumet [****..]
Gold:   715        SH: 12    Dex: 15    Spells: 17/35 levels left

rFire    . . .     SeeInvis .   d - +1 whip (freeze)
rCold    + + .     Gourm    .   Y - +1 buckler {rC+}
rNeg     . . .     Faith    .   a - +0 robe
rPois    .         Spirit   .   (no helmet)
rElec    +         Reflect  +   (no cloak)
rCorr    .         Harm     .   v - +0 pair of gloves (curse)
MR       +....     Rnd*Rage +   f - +0 pair of boots "Quisaewk" {+Inv Int+3} Stlth ++........Rnd*Tele +
                                H - +5 amulet of reflection
HPRegen  0.18/turn              x - ring of magical power
MPRegen  0.26/turn              u - ring of protection from cold

@: hasted, very quick
A: berserk 1, dopey 1, sense surroundings 1, electricity resistance, strong 1,
teleportitis 1
a: Renounce Religion, Evoke Invisibility


You were in an ice cave.
You worshipped Vehumet.
Vehumet was greatly pleased with you.
You were not hungry.

You visited 3 branches of the dungeon, and saw 13 of its levels.
You also visited: Ice Cave.

You collected 715 gold pieces.

Inventory:

Hand Weapons
 d - a +1 whip of freezing (weapon)
 j - the +1 demon blade of Terra Cotta {drain, rC+, unknown}
   (You found it in an ice cave)

   A truly terrible weapon, it drains the life of those it strikes.
   It protects you from cold.
 q - a +0 blowgun
Missiles
 r - 24 poisoned needles
 F - a throwing net (quivered)
Armour
 a - a +0 robe (worn)
 f - the +0 pair of boots "Quisaewk" (worn) {+Inv Int+3}
   (You found it in an ice cave)

   It affects your intelligence (+3).
   It lets you turn invisible.
 v - a cursed +0 pair of gloves (worn)
 Y - a +1 buckler of cold resistance (worn)
Jewellery
 o - a +4 ring of dexterity
 u - a ring of protection from cold (right hand)
 x - a ring of magical power (left hand)
 G - an uncursed ring of fire
 H - a +5 amulet of reflection (around neck)
 I - a +3 ring of intelligence
 N - the ring "Kanen" {rN+ Str+8}
   (You found it on level 9 of the Dungeon)

   [ring of positive energy]

   It affects your strength (+8).
   It protects you from negative energy.
 X - an uncursed amulet of regeneration {unknown}
Wands
 y - a wand of flame (27/48)
 A - a wand of acid (8/15)
 S - a wand of flame (41/48)
 U - a wand of disintegration (11/24)
 W - a wand of lightning (4/15)
Scrolls
 g - a scroll of fear
 i - 3 scrolls of enchant armour {unknown}
 m - 4 scrolls of remove curse
 p - 4 scrolls of amnesia {unknown}
 t - 3 scrolls of recharging
 C - a scroll of magic mapping {unknown}
 D - 3 scrolls of blinking {unknown}
 L - a scroll of random uselessness {unknown}
 P - a scroll of enchant weapon {unknown}
 R - a scroll of vulnerability {unknown}
 V - a scroll of identify
Potions
 e - 3 potions of resistance
 h - a potion of might {unknown}
 s - 3 potions of curing
 w - a potion of berserk rage
 B - 2 potions of agility {unknown}
 E - 2 potions of lignification {unknown}
 K - a potion of brilliance {unknown}
 O - a potion of magic {unknown}
 Q - a potion of heal wounds
Books
 b - a book of Flames

   Spells                             Type                      Level
   a - Flame Tongue                   Conjuration/Fire             1
   b - Throw Flame                    Conjuration/Fire             2
   c - Conjure Flame                  Conjuration/Fire             3
   d - Inner Flame                    Hexes/Fire                   3
   e - Sticky Flame                   Conjuration/Fire             4
   f - Fireball                       Conjuration/Fire             5
 k - a book of Callings

   Spells                             Type                      Level
   a - Summon Small Mammal            Summoning                    1
   b - Call Imp                       Summoning                    2
   c - Call Canine Familiar           Summoning                    3
   d - Summon Guardian Golem          Hexes/Summoning              3
   e - Summon Lightning Spire         Summoning/Air                4
   f - Summon Ice Beast               Ice/Summoning                4
 M - a book of Enchantments

   Spells                             Type                      Level
   a - Cause Fear                     Hexes                        4
   b - Yara's Violent Unravelling     Hexes/Transmutation          5
   c - Silence                        Hexes/Air                    5
   d - Deflect Missiles               Charms/Air                   6
   e - Discord                        Hexes                        8
 T - a book of Clouds

   Spells                             Type                      Level
   a - Poisonous Vapours              Poison/Air                   2
   b - Mephitic Cloud                 Conjuration/Poison/Air       3
   c - Conjure Flame                  Conjuration/Fire             3
   d - Freezing Cloud                 Conjuration/Ice/Air          6
   e - Ring of Flames                 Charms/Fire                  7
Comestibles
 c - 3 bread rations
 l - 3 royal jellies
 n - 12 meat rations
 J - 22 fruits


   Skills:
 - Level 8.0 Dodging
 - Level 2.4 Stealth
 - Level 6.3 Shields
 + Level 12.7 Spellcasting
 + Level 10.0 Conjurations
 + Level 10.7 Fire Magic


You had 17 spell levels left.
You knew the following spells:

 Your Spells              Type           Power        Failure   Level  Hunger
a - Flame Tongue          Conj/Fire      #####        1%          1    None
b - Throw Flame           Conj/Fire      ######       1%          2    None
c - Conjure Flame         Conj/Fire      ######..     1%          3    None
d - Sticky Flame          Conj/Fire      ######..     1%          4    None
e - Fireball              Conj/Fire      ######....   1%          5    ###....
f - Ignite Poison         Fire/Tmut/Pois ####....     1%          3    None


Dungeon Overview and Level Annotations

Branches:
Dungeon (10/15)            Temple (1/1) D:7            Lair (2/6) D:10
  Swamp: Lair:2-4    Shoals: Lair:2-4     Snake: Lair:2-4    Spider: Lair:2-4
    Orc: D:9-12

Altars:
Ashenzari
Cheibriados
Dithmenos
Hepliaklqana
Kikubaaqudgha
Makhleb
Nemelex Xobeh
Qazlal
Ru
Sif Muna
Trog
Uskayaw
Vehumet
Wu Jian
Yredelemnul
The Shining One

Annotations:
D:3 kroki's ghost, amateur DgTm IceCv exclusion: ice devil


Innate Abilities, Weirdness & Mutations

You tend to lose your temper in combat.
You are dopey. (Int -2)
You passively map a small area around you.
You are resistant to electric shocks. (rElec)
Your muscles are strong. (Str +2)
You are occasionally teleported next to monsters.


Message History

Aim: a reaper, wielding a scythe of freezing (severely wounded)
The fireball explodes!
The fireball engulfs the reaper.
The reaper is severely wounded.
Casting: Fireball
Confirm with . or Enter, or press ? or * to list all spells.
Aiming: Fireball
Press: ? - help, Shift-Dir - straight line, f/p - reaper
Aim: a reaper, wielding a scythe of freezing (severely wounded)
The fireball explodes!
The fireball engulfs the reaper.
The reaper is severely wounded.
Casting: Fireball
Confirm with . or Enter, or press ? or * to list all spells.
Aiming: Fireball
Press: ? - help, Shift-Dir - straight line, f/p - reaper
Aim: a reaper, wielding a scythe of freezing (severely wounded)
The fireball explodes!
The fireball engulfs the reaper.
The reaper is almost dead.
The reaper hits you from afar with a scythe of freezing!!
Ouch! That really hurt!
You die...

.§..§§§§.#§.§......##
#...##
....###..#..###...##
#...##
#...§.#....##### ≈
##...# #.....#.2....#
≈ ≈##...##
*##......##.##
≈≈≈##.....##
###.....#####
#...∩...#
...###.###...# ≈
#.......#
#.[...........#
##..∩..##
#...##([)##2.@#
##...## ## ##########
#####


You could see a reaper.

Vanquished Creatures
  A two-headed ogre (D:10)
  Pikel (D:9)
  A manticore (D:7)
  A black mamba (Lair:1)
  2 ice statues (IceCv)
  A spiny frog (Lair:1)
  A komodo dragon (Lair:1)
  9 ice devils (IceCv)
  3 hornets (D:8)
  2 hippogriffs
  10 yaks
  A basilisk (Lair:2)
  Edmund (D:6)
  2 water moccasins
  A sky beast (D:6)
  5 porcupines
  4 ice beasts
  A black bear (D:7)
  A necrophage (D:6)
  2 phantoms
  4 ogres
  5 crocodiles
  A centaur (D:7)
  A big kobold (D:7)
  6 bullfrogs
  A wyvern zombie (D:10)
  A scorpion (D:7)
  A wyvern skeleton (D:7)
  15 killer bees
  4 howler monkeys
  9 electric eels
  2 crimson imps
  2 bullfrog zombies
  2 jellies
  A quasit (D:9)
  3 centaur skeletons
  4 hounds
  4 iguanas
  9 orc wizards
  8 worker ants
  3 hound skeletons
  A worker ant zombie (D:5)
  12 adders
  5 shadow imps
  4 white imps (IceCv)
  9 ufetubi (IceCv)
  An ooze (D:3)
  2 adder skeletons (D:7)
  An adder zombie (D:6)
  3 worms
  2 dart slugs
  8 leopard geckos
  17 orcs
  9 giant cockroaches
  7 goblins
  6 hobgoblins
  10 jackals
  16 kobolds
  5 quokkas
  A ball python (D:1)
  12 bats
  2 frilled lizards
  4 hobgoblin zombies (D:9)
  4 kobold skeletons (D:9)
  2 kobold zombies (D:9)
  An orc skeleton (D:9)
  4 rats
  A plant (D:10)
285 creatures vanquished.

Vanquished Creatures (others)
  An orc warrior (D:6)
  A centaur (D:7)
  A howler monkey (D:9)
  4 white imps (IceCv)
  4 ufetubi (IceCv)
  5 fungi (D:10)
  2 plants (Lair:1)
18 creatures vanquished.

Grand Total: 303 creatures vanquished

Notes
Turn   | Place    | Note
-------+----------+-------------------------------------------
     0 | D:1      | AvylaarBelgium the Deep Elf Fire Elementalist began the quest for the Orb.
     0 | D:1      | Reached XP level 1. HP: 10/10 MP: 6/6
   184 | D:1      | Reached XP level 2. HP: 15/15 MP: 6/8
   632 | D:2      | Reached XP level 3. HP: 17/19 MP: 6/10
  1010 | D:2      | Reached skill level 4 in Spellcasting
  1010 | D:2      | Reached XP level 4. HP: 23/24 MP: 4/12
  1032 | D:2      | Learned a level 2 spell: Throw Flame
  1410 | D:3      | Learned a level 3 spell: Conjure Flame
  1521 | D:3      | Noticed kroki's ghost (amateur DgTm)
  1565 | D:3      | Reached XP level 5. HP: 28/28 MP: 11/14
  1652 | D:3      | Reached skill level 1 in Shields
  2164 | D:5      | Entered Level 5 of the Dungeon
  2167 | D:5      | Noticed an ice beast
  2339 | D:5      | Killed an ice beast
  2339 | D:5      | Reached skill level 5 in Spellcasting
  2339 | D:5      | Reached XP level 6. HP: 32/32 MP: 8/15
  2393 | D:5      | Reached skill level 5 in Fire Magic
  2622 | D:5      | Found a bloodstained altar of Trog.
  2945 | D:6      | Reached XP level 7. HP: 33/36 MP: 9/17
  2967 | D:6      | Learned a level 4 spell: Sticky Flame
  2973 | D:6      | Learned a level 5 spell: Fireball
  3059 | D:4      | Reached skill level 6 in Spellcasting
  3867 | D:6      | Noticed Edmund
  3881 | D:6      | Killed Edmund
  3881 | D:6      | Reached XP level 8. HP: 41/41 MP: 3/20
  4031 | D:6      | Reached skill level 5 in Conjurations
  4243 | D:6      | Reached skill level 7 in Spellcasting
  4349 | D:7      | Noticed a manticore
  4365 | D:7      | Noticed a hippogriff
  4616 | D:6      | Gained mutation: You are occasionally teleported next to monsters. [mutagenic meat]
  4618 | D:6      | Gained mutation: You are resistant to electric shocks. (rElec) [mutagenic meat]
  4619 | D:6      | Gained mutation: You passively map a small area around you. [mutagenic meat]
  4620 | D:6      | Gained mutation: You tend to lose your temper in combat. [mutagenic meat]
  4621 | D:6      | Gained mutation: You evolve. [mutagenic meat]
  4998 | D:7      | Reached skill level 5 in Shields
  5159 | D:7      | Found a staircase to the Ecumenical Temple.
  5170 | Temple   | Entered the Ecumenical Temple
  5344 | Temple   | Became a worshipper of Vehumet
  5435 | D:7      | Killed a manticore
  5435 | D:7      | Reached skill level 8 in Spellcasting
  5435 | D:7      | Reached XP level 9. HP: 30/45 MP: 8/23
  5670 | D:7      | Gained mutation: Your muscles are strong. (Str +2) [evolution]
  6200 | D:8      | Reached skill level 9 in Spellcasting
  6391 | D:8      | Reached * piety under Vehumet
  6391 | D:8      | Offered knowledge of Freeze by Vehumet.
  6790 | D:8      | Paralysed by a hornet for 1 turns
  6797 | D:8      | Reached XP level 10. HP: 35/50 MP: 15/25
  6797 | D:8      | Reached skill level 10 in Spellcasting
  7116 | D:9      | Noticed Pikel
  7119 | D:9      | Killed Pikel
  7166 | D:9      | Found a glowing golden altar of the Shining One.
  7301 | D:9      | Got a transparent glass ring
  7321 | D:9      | Identified the ring "Kanen" {rN+ Str+8} (You found it on level 9 of the Dungeon)
  7497 | D:9      | Offered knowledge of Magic Dart by Vehumet.
  7688 | D:10     | Entered Level 10 of the Dungeon
  7688 | D:10     | Noticed a two-headed ogre
  7704 | D:10     | Reached ** piety under Vehumet
  8001 | D:10     | Killed a two-headed ogre
  8001 | D:10     | Reached skill level 11 in Spellcasting
  8729 | D:10     | Reached skill level 10 in Fire Magic
  8741 | D:10     | Reached skill level 12 in Spellcasting
  8741 | D:10     | Reached XP level 11. HP: 37/54 MP: 3/29
  8787 | D:10     | Found a staircase to the Lair.
  8796 | D:10     | Offered knowledge of Searing Ray by Vehumet.
  8990 | D:10     | Reached *** piety under Vehumet
  9047 | D:10     | Noticed a lindwurm
  9106 | Lair:1   | Entered Level 1 of the Lair of Beasts
  9333 | Lair:1   | Reached skill level 5 in Dodging
  9625 | D:10     | Noticed a lindwurm
  9625 | D:10     | Noticed a lindwurm
  9685 | Lair:2   | Found a frozen archway.
  9722 | IceCv    | Entered an ice cave
  9741 | IceCv    | Offered knowledge of Ignite Poison by Vehumet.
  9920 | IceCv    | Gained mutation: You are dopey. (Int -2) [evolution]
  9920 | IceCv    | Lost mutation: You evolve. [end of evolution]
 10052 | IceCv    | Got a pair of fine boots
 10058 | IceCv    | Identified the +0 pair of boots "Quisaewk" {+Inv Int+3} (You found it in an ice cave)
 10149 | IceCv    | Reached **** piety under Vehumet
 10159 | IceCv    | Learned a level 3 spell: Ignite Poison
 10234 | IceCv    | Reached skill level 10 in Conjurations
 10420 | IceCv    | Noticed a reaper
 10445 | IceCv    | Got a bloodstained demon blade
 10452 | IceCv    | Demolished by a reaper

Vault maps used:
D:1:      mrwooster_arrival_arrow
D:2:      uniq_sigmund
D:3:      corexii_hall_statues_s, corexii_leaking_fountain
D:5:      first_bread, trog_hazing_becter
D:6:      minivault_23, uniq_edmund
D:7:      hangedman_cross_stitches, minmay_temple_entry_steel_oval
D:8:      hangedman_pestilent_swarm, kennysheep_generic_room_4
D:9:      nicolae_tso_besieged_by_evil, dk_vineyard_3, uniq_pikel
D:10:     erik_rubicon_a, due_lair_maze_entry_diamond, orc_0_dummy,
          serial_shops, nicolae_shop_statue_plus, minmay_lindwurm_lava
Temple:   kilobyte_greek_temple
Lair:1:   nicolae_quartered_pool_medium, hibernation_bobbens
Lair:2:   spider_nest_entry_webs, portal_ice_cave_entry_pillars_1,
          minmay_lair_oklob_chamber, infiniplex_staircase_pool_2, uniq_gastronok
IceCv:    ice_cave_small_demon

Skill      XL: |  1  2  3  4  5  6  7  8  9 10 11 |
---------------+----------------------------------+-----
Conjurations   | 2 3 4 6 7 9 10 | 10.0
Fire Magic     | 4 5 6 8 10 | 10.7
Spellcasting   | 4 5 6 8 9 12 | 12.7
Shields        | 1 2 4 5 6 |  6.3
Dodging        | 8 |  8.0
Stealth        | |  2.4

Action                   |  1- 3 |  4- 6 |  7- 9 | 10-12 || total
-------------------------+-------+-------+-------+-------++-------
Melee: Short sword       |     8 |     3 |     2 |       ||    13
       Unarmed           |     1 |       |       |       ||     1
       Flail             |       |       |    32 |       ||    32
       Whip              |       |       |       |    32 ||    32
 Cast: Flame Tongue      |    76 |   136 |   226 |   104 ||   542
       Conjure Flame     |       |     3 |     8 |     3 ||    14
       Throw Flame       |       |     4 |    20 |     3 ||    27
       Sticky Flame      |       |       |    14 |    31 ||    45
       Fireball          |       |       |     2 |    62 ||    64
  Use: Scroll            |       |       |     9 |     2 ||    11
       Potion            |       |       |     7 |     2 ||     9
  Eat: Chunk             |       |     6 |    18 |     2 ||    26
       Royal jelly       |       |       |       |    10 ||    10
Armor: Robe              |     5 |     7 |    12 |     9 ||    33
Dodge: Dodged            |    31 |    37 |    70 |    37 ||   175
Block: Buckler           |     7 |    12 |    57 |    45 ||   121
       Reflection        |       |       |    11 |     4 ||    15

Table legend:
 A = Spawn XP
 B = Non-spawn XP
 C = Spawn XP percentage of total XP
 D = Spawn monster count
 E = Non-spawn monster count
 F = Spawn count percentage of total count
 G = Total turns spent on level
                    A         B        C        D         E        F      G
               +---------+---------+-------+---------+---------+-------+---------
         Total |     917 |   18144 |   4.8 |      22 |     264 |   7.7 | 10452
               +---------+---------+-------+---------+---------+-------+---------
           D:1 |       4 |      31 |  11.4 |       2 |      19 |   9.5 |   562
           D:2 |       5 |      86 |   5.5 |       1 |      27 |   3.6 |   669
           D:3 |       2 |     156 |   1.3 |       1 |      23 |   4.2 |   677
           D:4 |      23 |     141 |  14.0 |       4 |      11 |  26.7 |   916
           D:5 |      33 |     413 |   7.4 |       1 |      20 |   4.8 |   880
           D:6 |     250 |    1086 |  18.7 |       3 |      20 |  13.0 |  1493
           D:7 |     180 |    1675 |   9.7 |       2 |      24 |   7.7 |  1108
           D:8 |      41 |    2167 |   1.9 |       1 |      23 |   4.2 |   989
           D:9 |      92 |    1098 |   7.7 |       3 |      23 |  11.5 |   876
          D:10 |      39 |    4456 |   0.9 |       2 |      37 |   5.1 |   797
        Lair:1 |     248 |    2474 |   9.1 |       2 |      11 |  15.4 |   493
        Lair:2 |       0 |     329 |   0.0 |       0 |       2 |   0.0 |    55
         IceCv |       0 |    4032 |   0.0 |       0 |      24 |   0.0 |   730
               +---------+---------+-------+---------+---------+-------+---------
